[Event "ICC tourney 1953 (60 10)"]
[Site "Internet Chess Club"]
[Date "2020.08.09"]
[Round "7"]
[White "tactics321"]
[Black "espark"]
[Result "1-0"]
[ICCResult "Black resigns"]
[WhiteElo "2573"]
[BlackElo "2299"]
[Opening "Queen's pawn game"]
[ECO "E10"]
[NIC "QI.01"]
[Time "12:04:12"]
[TimeControl "3600+10"]

1. d4 Nf6 2. c4 e6 3. Nf3 d5 4. g3 Bb4+ 5. Bd2 Be7 6. Bg2 O-O 7. O-O c6 8.
Na3 Nbd7 9. Rc1 Ne4 10. Be3 f5 11. Rc2 Qe8 12. Qc1 Qh5 13. Ne1 g5 14. f3 Nd6
15. Nd3 a5 16. b3 Qg6 17. Kh1 Kh8 18. Nb1 h5 19. Bf2 Qh7 20. Nd2 Nf6 21. Qe1
f4 22. gxf4 gxf4 23. Rc1 Qf5 24. Rg1 Rg8 25. Qf1 Nf7 26. Bh3 Rxg1+ 27. Qxg1
Qg5 28. e3 fxe3 29. Bxe3 Qxg1+ 30. Rxg1 Bd6 31. Bf4 Bd7 32. Bxd6 Nxd6 33.
Ne5 Nf5 34. Rg6 Rf8 35. Rxf6 Rxf6 36. Nxd7 Rf7 37. Ne5 Rf6 38. Bxf5 Rxf5 39.
Nf1 Kh7 40. Ng3 Rf4 41. Ne2 Rf5 42. f4 Rf8 43. Kg2 a4 44. b4 dxc4 45. Nxc4
Kg6 46. Kf3 Rd8 47. Ke4 Kf6 48. a3 h4 49. h3 Rg8 50. Ne3 Ke7 51. Ng4 Kd6 52.
Nc3 Ra8 53. Kf3 b6 54. Ne5 Rg8 55. Ne4+ Kc7 56. Ng5 Kd6 57. Ke4 Re8 58. Nc4+
Kc7 59. Ke5 b5 60. Nd6 Kd7 61. Nxe8 {Black resigns} 1-0

[Event "ICC tourney 1953 (60 10)"]
[Site "Internet Chess Club"]
[Date "2020.08.09"]
[Round "7"]
[White "KRIPRI"]
[Black "tacticsalk"]
[Result "0-1"]
[ICCResult "White resigns"]
[WhiteElo "2186"]
[BlackElo "2326"]
[Opening "Queen's pawn, Mason variation"]
[ECO "D00"]
[NIC "QP.08"]
[Time "12:03:59"]
[TimeControl "3600+10"]

1. d4 d5 2. Bf4 Nf6 3. e3 c5 4. dxc5 Qa5+ 5. Nc3 e6 6. a3 Qxc5 7. Bd3 Bd6 8.
Bxd6 Qxd6 9. Nf3 Nc6 10. O-O O-O 11. Nd4 e5 12. Nxc6 bxc6 13. e4 Bg4 14. Be2
Be6 15. exd5 cxd5 16. f4 Qb6+ 17. Kh1 exf4 18. Na4 Qe3 19. Rf3 Qe5 20. Rf1
Ne4 21. Bf3 f5 22. Qe1 Rf6 23. b4 g5 24. Nc5 g4 25. Nd3 Qd6 26. Be2 f3 27.
gxf3 Rh6 28. f4 g3 29. Bf3 Rxh2+ 30. Kg1 Rxc2 31. Nc5 Nxc5 32. Qxg3+ Kh8 33.
bxc5 Qxc5+ 34. Kh1 Rg8 35. Qh4 Qf8 36. Rg1 Rc3 37. Rxg8+ Bxg8 38. Bh5 d4 39.
Rg1 Rxa3 40. Bg6 Ra6 41. Qh5 Qg7 {White resigns} 0-1

[Event "ICC tourney 1953 (60 10)"]
[Site "Internet Chess Club"]
[Date "2020.08.09"]
[Round "7"]
[White "Venom2020"]
[Black "Bo002"]
[Result "0-1"]
[ICCResult "White checkmated"]
[WhiteElo "2100"]
[BlackElo "2225"]
[Opening "Caro-Kann: exchange variation"]
[ECO "B13"]
[NIC "CK.02"]
[Time "12:04:42"]
[TimeControl "3600+10"]

1. e4 c6 2. d4 d5 3. exd5 cxd5 4. Bd3 Nc6 5. c3 Qc7 6. h3 g6 7. Nf3 Bf5 8.
O-O Nf6 9. Re1 Bg7 10. Bg5 O-O 11. Bxf5 gxf5 12. Bxf6 Bxf6 13. Nbd2 b5 14.
Nf1 e6 15. Ng3 Kh8 16. Qd3 b4 17. c4 Rad8 18. Rac1 Qb6 19. c5 Qc7 20. Nh5
Bg7 21. Nxg7 Kxg7 22. Qd2 Rg8 23. Ne5 Nxe5 24. Rxe5 Rb8 25. Qg5+ Kf8 26.
Qh6+ Rg7 27. Rce1 Kg8 28. Kh1 Rg6 29. Qd2 a5 30. Rc1 h6 31. c6 Rb6 32. Qc2
Kh7 33. Qa4 Rg8 34. Re2 b3 35. Qxa5 Rc8 36. axb3 Rxc6 37. Rxc6 Qxa5 38. Rxc8
Qa1+ 39. Kh2 Qd1 40. Rec2 Qxd4 41. R2c7 Kg7 42. Rb7 Qxf2 43. Rcc7 Qf4+ 44.
Kh1 d4 45. Rxf7+ Kg6 46. Rg7+ Kh5 47. Rbf7 d3 48. g4+ Kh4 49. gxf5 Kxh3 50.
Kg1 Qh2+ 51. Kf1 Qe2+ 52. Kg1 Qe1# {White checkmated} 0-1

[Event "ICC tourney 1953 (60 10)"]
[Site "Internet Chess Club"]
[Date "2020.08.09"]
[Round "7"]
[White "jasonm04"]
[Black "zuz1209"]
[Result "1/2-1/2"]
[ICCResult "Game drawn by mutual agreement"]
[WhiteElo "2272"]
[BlackElo "2183"]
[Opening "Queen's gambit accepted"]
[ECO "D26"]
[NIC "QG.03"]
[Time "12:03:53"]
[TimeControl "3600+10"]

1. d4 d5 2. c4 dxc4 3. e3 Nf6 4. Bxc4 e6 5. Nf3 a6 6. Bd3 c5 7. O-O b5 8. b3
cxd4 9. Nxd4 e5 10. Nc2 Bb7 11. Re1 Nbd7 12. Bb2 Qc7 13. Nd2 Bd6 14. Bf1 Rc8
15. Rc1 Qb8 16. e4 Nc5 17. Ne3 O-O 18. Nf5 Rfd8 19. Qf3 g6 20. Ng3 Be7 21.
Nb1 h5 22. Ba3 Kg7 23. Qe3 Ng4 24. Qe2 Rc7 25. f3 h4 26. Nh1 Nh6 27. Nf2 Ne6
28. Rxc7 Qxc7 29. Rc1 Qd7 30. Bxe7 Qxe7 31. Qb2 Nd4 32. a4 Qg5 33. Kh1 Bc8
34. axb5 axb5 35. Rc5 h3 36. g3 Nxf3 37. Qc1 Ng4 38. Nxh3 Qxc1 39. Rxc1 Bb7
40. Nc3 Rc8 41. Bxb5 Bxe4 42. Bf1 Nd4+ 43. Kg1 Ne3 44. Ng5 Bd5 45. Nxd5 Rxc1
46. Nxe3 Nxb3 47. Kf2 Nd2 {Game drawn by mutual agreement} 1/2-1/2

[Event "ICC tourney 1953 (60 10)"]
[Site "Internet Chess Club"]
[Date "2020.08.09"]
[Round "7"]
[White "TjkTiger"]
[Black "sahilmd"]
[Result "1/2-1/2"]
[ICCResult "Game drawn because neither player has mating material"]
[WhiteElo "2576"]
[BlackElo "2424"]
[Opening "English: Mikenas-Carls variation"]
[ECO "A18"]
[NIC "EO.57"]
[Time "12:04:34"]
[TimeControl "3600+10"]

1. c4 Nf6 2. Nc3 e6 3. e4 d5 4. cxd5 exd5 5. e5 d4 6. exf6 dxc3 7. Bb5+ c6
8. Qe2+ Be6 9. Bc4 cxd2+ 10. Bxd2 Qxf6 11. Nf3 Bc5 12. Bc3 Qg6 13. Bxe6 Qxe6
14. Qxe6+ fxe6 15. Bxg7 Rg8 16. Be5 Nd7 17. Bg3 O-O-O 18. O-O Bb6 19. b4 a5
20. b5 c5 21. Rfe1 Rg6 22. Nd2 Ne5 23. Rad1 Nd3 24. Nc4 Bc7 25. Re3 Rd4 26.
Bxc7 Kxc7 27. b6+ Kc6 28. Nxa5+ Kxb6 29. Nb3 Nxf2 30. Rxd4 cxd4 31. Nxd4 Ng4
32. Re1 e5 33. Nf3 Re6 34. h3 Nf6 35. Nxe5 Kb5 36. Rb1+ Ka4 37. Nd3 b6 38.
Rb3 Nd5 39. Kf2 Rf6+ 40. Kg3 Rc6 41. Kf3 Nc3 42. Nb2+ Ka5 43. a3 h6 44. g4
b5 45. h4 Rf6+ 46. Ke3 Re6+ 47. Kd4 Ne2+ 48. Kc5 Re5+ 49. Kd6 Re4 50. Rb4
Rxb4 51. axb4+ Kxb4 52. g5 hxg5 53. hxg5 Ng3 54. g6 Kc3 55. Nd1+ Kd2 56. Ke5
Nh5 57. Nf2 b4 58. Ne4+ Ke3 59. Nc5 Kd2 60. Kf5 Kc2 61. Kg5 Ng7 62. Kf6 Nh5+
63. Kg5 Ng7 64. Kh6 Nf5+ 65. Kh7 b3 66. Nxb3 Kxb3 67. g7 Nxg7
{Game drawn because neither player has mating material}
1/2-1/2

[Event "ICC tourney 1953 (60 10)"]
[Site "Internet Chess Club"]
[Date "2020.08.09"]
[Round "7"]
[White "shianen"]
[Black "justinchess"]
[Result "0-1"]
[ICCResult "White resigns"]
[WhiteElo "2193"]
[BlackElo "2398"]
[Opening "Queen's Indian accelerated"]
[ECO "A50"]
[NIC "QP.07"]
[Time "12:03:51"]
[TimeControl "3600+10"]

1. d4 Nf6 2. c4 b6 3. Nc3 Bb7 4. a3 e6 5. Nf3 d5 6. cxd5 Nxd5 7. Qc2 Be7 8.
Bd2 O-O 9. e4 Nxc3 10. Bxc3 c5 11. Rd1 Qc8 12. Bd3 cxd4 13. Bxd4 Nd7 14. O-O
Nc5 15. Rfe1 Rd8 16. Bxc5 Qxc5 17. Qe2 Qa5 18. e5 Rac8 19. Be4 Ba6 20. Rxd8+
Bxd8 21. Bd3 Bb7 22. Be4 Qa6 23. Qd2 Be7 24. h3 Rd8 25. Qc2 Bxe4 26. Rxe4
Rd7 27. Rc4 g6 28. Rc7 Qb5 29. Qc6 Qxc6 30. Rxc6 Rd1+ 31. Kh2 Bc5 32. Rc8+
Kg7 33. Rc7 h6 34. Rxa7 Bxf2 35. Rc7 Be3 36. Rc2 Rf1 37. Kg3 g5 38. h4 Kg6
39. hxg5 hxg5 40. Kg4 Rb1 41. Re2 Bc5 42. Nxg5 Rc1 43. Nf3 Rc4+ 44. Kg3 Be7
45. Rd2 Bf8 46. Rd4 Rc2 47. Rd2 Rc4 48. Rd4 Rc2 49. Rd2 Rc1 50. Rd8 Bc5 51.
Nh4+ Kg7 52. Rd2 Rb1 53. Nf3 Be3 54. Re2 Bh6 55. Rc2 Bc1 56. Rc6 Bxb2 57. a4
Bc1 58. Rc7 Be3 59. Rb7 Rb4 60. a5 bxa5 61. Rxb4 axb4 62. Ne1 b3 63. Nd3 Bd4
64. Kf4 b2 65. Nxb2 Bxb2 66. g4 Kg6 {White resigns} 0-1

[Event "ICC tourney 1953 (60 10)"]
[Site "Internet Chess Club"]
[Date "2020.08.09"]
[Round "7"]
[White "rjc64uk"]
[Black "binomialfactor"]
[Result "0-1"]
[ICCResult "White resigns"]
[WhiteElo "2087"]
[BlackElo "2222"]
[Opening "Sicilian defense"]
[ECO "B30"]
[NIC "SI.31"]
[Time "12:04:06"]
[TimeControl "3600+10"]

1. e4 c5 2. Nf3 Nc6 3. Nc3 e5 4. Bc4 d6 5. d3 Be7 6. h3 Nf6 7. a3 O-O 8. Be3
Be6 9. Bxe6 fxe6 10. O-O Qd7 11. Qe2 Rae8 12. Bd2 Bd8 13. Be3 a6 14. Rfb1
Nd4 15. Bxd4 cxd4 16. Nd1 Qf7 17. Nh2 Nh5 18. g3 Qg6 19. Ng4 Rf7 20. c3 Bb6
21. c4 Bc7 22. b4 d5 23. Nb2 Ref8 24. Rf1 dxe4 25. dxe4 Nf6 26. Nxf6+ gxf6
27. Nd3 Re7 28. Rae1 f5 29. exf5 exf5 30. Nf4 Qg7 31. Nd5 Ree8 32. Nxc7 Qxc7
33. Qd3 Qg7 34. Rd1 Rd8 35. Kh2 e4 36. Qe2 Kh8 37. g4 Qe5+ 38. f4 Qf6 39. g5
d3 40. Qf2 Qd4 41. Qh4 e3 42. Rxd3 Qb2+ 43. Kh1 Rxd3 44. g6 Qg7 45. Rg1 h6
46. Qg3 Rfd8 47. Qf3 e2 48. Qxe2 Rxh3+ 49. Kg2 Qxg6+ 50. Kf1 Qf6 51. c5 Qa1+
52. Kf2 Rh2+ 53. Rg2 Rxg2+ 54. Kxg2 Rg8+ 55. Kh2 Qg1+ {White resigns} 0-1

[Event "ICC tourney 1953 (60 10)"]
[Site "Internet Chess Club"]
[Date "2020.08.09"]
[Round "7"]
[White "ChessDex"]
[Black "fastturle"]
[Result "0-1"]
[ICCResult "White checkmated"]
[WhiteElo "2246"]
[BlackElo "2177"]
[Opening "Réti: King's Indian attack (Barcza system)"]
[ECO "A07"]
[NIC "QP.09"]
[Time "12:04:03"]
[TimeControl "3600+10"]

1. Nf3 d5 2. g3 c6 3. Bg2 Bf5 4. d3 Nf6 5. O-O Nbd7 6. c4 dxc4 7. dxc4 e5 8.
Nc3 Qc7 9. a3 a5 10. Nh4 Be6 11. b3 Be7 12. Qc2 O-O 13. Nf5 Bc5 14. Na4 Ba7
15. Rd1 Nc5 16. Bg5 Ng4 17. Ne3 Nxa4 18. Nxg4 Bxg4 19. bxa4 f6 20. Be3 Bxe3
21. fxe3 Rfd8 22. c5 Be6 23. Rab1 Rxd1+ 24. Rxd1 Rd8 25. Rd3 Rd7 26. Qd2 Kf7
27. Rd6 Ke7 28. Rxd7+ Bxd7 29. Be4 g6 30. Bb1 Be6 31. Kf2 Qd8 32. Qb2 Qc7
33. Ba2 Bxa2 34. Qxa2 Kf8 35. Qb3 Kg7 36. Ke1 Kh6 37. e4 Qd7 38. e3 Qg4 39.
Qb1 Qf3 40. Kd2 f5 41. exf5 Qd5+ 42. Ke2 Qg2+ 43. Kd3 Qd5+ 44. Ke2 Qg2+ 45.
Kd3 gxf5 46. Qxb7 Qd5+ 47. Ke2 Qxc5 48. Qf7 Qc2+ 49. Kf3 Qd1+ 50. Kf2 Qd2+
51. Kf3 Qd5+ 52. Qxd5 cxd5 53. g4 Kg5 54. h4+ Kxh4 55. gxf5 Kg5 56. e4 dxe4+
57. Kxe4 Kf6 58. Kd5 Kxf5 59. Kc5 e4 60. Kb5 e3 61. Kxa5 e2 62. Kb6 e1=Q 63.
a5 Qe4 64. Ka7 Qe7+ 65. Kb6 Qd8+ 66. Ka6 Qa8+ 67. Kb6 h5 68. a6 h4 69. a7 h3
70. a4 h2 71. a5 h1=Q 72. Ka6 Qhc6# {White checkmated} 0-1

[Event "ICC tourney 1953 (60 10)"]
[Site "Internet Chess Club"]
[Date "2020.08.09"]
[Round "7"]
[White "slugger"]
[Black "spriteball"]
[Result "0-1"]
[ICCResult "White resigns"]
[WhiteElo "2351"]
[BlackElo "2326"]
[Opening "QGD semi-Slav: Stoltz variation"]
[ECO "D45"]
[NIC "SL.08"]
[Time "12:04:09"]
[TimeControl "3600+10"]

1. Nf3 d5 2. d4 Nf6 3. c4 c6 4. e3 e6 5. Nc3 Nbd7 6. Qc2 Bd6 7. Bd3 dxc4 8.
Bxc4 b5 9. Bd3 Bb7 10. O-O O-O 11. e4 e5 12. dxe5 Nxe5 13. Nxe5 Bxe5 14. f4
Bd4+ 15. Kh1 Ng4 16. Qe2 Nxh2 17. Rd1 Bc8 18. f5 Be5 19. Qh5 Qc7 20. Be3 g6
21. Qh4 Bg3 22. Qh3 h5 23. Be2 Re8 24. Bg1 b4 25. Bxh2 Bxh2 26. Qxh2 Qxh2+
27. Kxh2 bxc3 28. bxc3 gxf5 29. e5 Kg7 30. Bf3 Rxe5 31. Bxc6 Rb8 32. Rd8 Rc5
33. Bd7 Ra8 34. Rxc8 Raxc8 35. Bxc8 Rxc8 36. Rc1 Rc4 37. Kg3 Kf6 38. Kf3 h4
39. Ke3 Ke6 40. Kd3 Rg4 41. Rc2 Kd5 42. Rf2 Rg3+ 43. Kc2 Ke4 44. c4 f4 45.
c5 Rg5 46. Re2+ Kd4 47. Kb3 Rxc5 48. Re7 Rf5 49. Rxa7 h3 50. gxh3 f3 51.
Rd7+ Ke3 52. Re7+ Kf4 53. Re1 f2 54. Rc1 Kg3 {White resigns} 0-1

[Event "ICC tourney 1953 (60 10)"]
[Site "Internet Chess Club"]
[Date "2020.08.09"]
[Round "7"]
[White "CaptK"]
[Black "phoenix10q72"]
[Result "1/2-1/2"]
[ICCResult "Game drawn by mutual agreement"]
[WhiteElo "2305"]
[BlackElo "2269"]
[Opening "Benoni defense"]
[ECO "A61"]
[NIC "BI.38"]
[Time "12:03:51"]
[TimeControl "3600+10"]

1. d4 Nf6 2. c4 c5 3. d5 e6 4. Nc3 exd5 5. cxd5 d6 6. Nf3 g6 7. Bf4 Bg7 8.
e3 O-O 9. h3 Na6 10. Bc4 Nc7 11. a4 a6 12. O-O Rb8 13. a5 b5 14. axb6 Rxb6
15. Ra2 Rb4 16. Qd3 Nh5 17. Bh2 f5 18. b3 Kh8 19. Ne2 Qe7 20. Nf4 Nxf4 21.
Bxf4 h6 22. h4 Kh7 23. Re1 Qf6 24. Ra5 Qd8 25. Ra2 Nb5 26. Ra4 Rxa4 27. bxa4
Nc3 28. Bxa6 Bxa6 29. Qxa6 Nxd5 30. Qxd6 Qxd6 31. Bxd6 Rc8 32. Be5 c4 33.
Bxg7 Kxg7 34. Rc1 c3 35. Nd4 Rc4 36. a5 Ra4 37. Ne2 Rxa5 38. Nxc3 Nf6 39.
Ne2 g5 40. hxg5 hxg5 41. Nd4 Ng4 42. Rc7+ Kf6 43. Rc6+ Kf7 44. g3 Ra1+ 45.
Kg2 Ra2 46. Rc2 Ra5 47. Nf3 Kg6 48. Kf1 Kh5 49. Ke2 Nf6 50. Nd4 Kg4 51. Rb2
Nd5 52. f3+ Kxg3 53. Nxf5+ Kh3 54. Kd3 g4 55. e4 Nf4+ 56. Ke3 Ng6 57. fxg4
Ra3+ 58. Kd4 Kxg4 59. Ne3+ Kg5 60. Nc4 Ra8 61. e5 Nxe5 62. Nxe5 Ra4+ 63. Ke3
Kf5 64. Nd3 Re4+ 65. Kf3 Rd4 66. Rb5+ Ke6 67. Ke3 Rh4 68. Nf4+ Kd6 69. Rf5
Rh1 70. Kd4 Rd1+ 71. Nd3 Ke6 72. Ra5 Kf6 73. Ke4 Rh1 74. Rf5+ Ke6 75. Ra5
Kf6 76. Ra6+ Ke7 77. Nf4 Rb1 78. Ke5 Re1+ 79. Kf5 Rf1 80. Rh6 Kd7 81. Ke5
Re1+ 82. Kd4 Rd1+ 83. Nd3 Ke7 84. Rh3 Ra1 85. Rf3 Ra2 86. Kd5 Ra5+ 87. Nc5
Ra1 88. Ke5 Re1+ 89. Ne4 Kd7 90. Rc3 Rh1 91. Nf6+ Kd8 92. Kd6 Rd1+ 93. Nd5
Ke8 94. Rc7 Kf8 95. Ra7 Ke8 96. Rg7 Kf8 97. Rg3 Kf7 98. Rf3+ Kg6 99. Ke6
Re1+ 100. Ne3 Kg5 101. Ke5 Kg6 102. Rg3+ Kf7 103. Kf5 Ke7
{Game drawn by mutual agreement}
1/2-1/2

[Event "ICC tourney 1953 (60 10)"]
[Site "Internet Chess Club"]
[Date "2020.08.09"]
[Round "7"]
[White "creepycrawlies"]
[Black "noki101"]
[Result "1-0"]
[ICCResult "Black resigns"]
[WhiteElo "2221"]
[BlackElo "2049"]
[Opening "QGD: Cambridge Springs defense, 7.cd"]
[ECO "D52"]
[NIC "QO.15"]
[Time "12:04:00"]
[TimeControl "3600+10"]

1. d4 d5 2. c4 c6 3. Nf3 Nf6 4. Nc3 e6 5. Bg5 Nbd7 6. e3 Qa5 7. cxd5 exd5 8.
Bxf6 Nxf6 9. Bd3 Bg4 10. O-O Bd6 11. h3 Bh5 12. a3 Qc7 13. Rc1 Qe7 14. Qc2
O-O 15. Nd2 Rae8 16. Rfe1 Bb8 17. b4 Qd6 18. Nf1 a6 19. Na4 Re7 20. Nc5 Rfe8
21. a4 Ne4 22. b5 axb5 23. axb5 f5 24. bxc6 bxc6 25. Bxe4 fxe4 26. Na6 Re6
27. Ng3 Bg6 28. Qa4 Rf6 29. Nxb8 Rxb8 30. Rc2 Qb4 31. Qa1 Be8 32. Rec1 Rf7
33. Qa6 Rfb7 34. Qe2 Bd7 35. Qh5 Qf8 36. Ne2 Rb1 37. Nf4 Qf6 38. Rxb1 Rxb1+
39. Kh2 g6 40. Qh6 Qf8 41. Qg5 Qd6 42. Ra2 Rb8 43. Ra7 Rc8 44. h4 Rc7 45.
Qd8+ Kg7 46. Rxc7 Kh6 47. Qxd7 {Black resigns} 1-0

[Event "ICC tourney 1953 (60 10)"]
[Site "Internet Chess Club"]
[Date "2020.08.09"]
[Round "7"]
[White "StayCalm"]
[Black "PrudentPatzer"]
[Result "0-1"]
[ICCResult "White resigns"]
[WhiteElo "2160"]
[BlackElo "2146"]
[Opening "Nimzo-Indian: 4.e3 O-O, 5.Bd3 d5"]
[ECO "E48"]
[NIC "NI.08"]
[Time "12:04:13"]
[TimeControl "3600+10"]

1. d4 Nf6 2. c4 e6 3. Nc3 Bb4 4. e3 O-O 5. Bd3 d5 6. a3 dxc4 7. Bxc4 Bxc3+
8. bxc3 c5 9. Ne2 Qc7 10. Ba2 b6 11. Bb2 Bb7 12. O-O Nbd7 13. f3 e5 14. e4
Ba6 15. Re1 Rfd8 16. Ng3 cxd4 17. cxd4 exd4 18. Nf5 Nc5 19. e5 Ne8 20. Rc1
Qd7 21. Rxc5 Qxf5 22. Rd5 Rxd5 23. Bxd5 Rd8 24. Qxd4 Qg5 25. f4 Qe7 26. Rd1
Rc8 27. Bb3 Qc5 28. e6 Bc4 29. exf7+ Bxf7 30. Qxc5 bxc5 31. Bxf7+ Kxf7 32.
Rd7+ Ke6 33. Rxa7 c4 34. Bc3 Kf5 35. g3 Ke4 36. Rd7 Nf6 37. Rxg7 Nd5 38. Be5
Kf3 39. Rb7 Ne3 40. Rb1 c3 41. Rc1 c2 42. h4 Rd8 43. Bb2 Kxg3 {White
resigns} 0-1

[Event "ICC tourney 1953 (60 10)"]
[Site "Internet Chess Club"]
[Date "2020.08.09"]
[Round "7"]
[White "erickzhao"]
[Black "joebobpop"]
[Result "1-0"]
[ICCResult "Black resigns"]
[WhiteElo "2286"]
[BlackElo "2244"]
[Opening "Ruy Lopez: 5.O-O"]
[ECO "C78"]
[NIC "RL.12"]
[Time "12:04:06"]
[TimeControl "3600+10"]

1. e4 e5 2. Nf3 Nc6 3. Bb5 a6 4. Ba4 Nf6 5. O-O b5 6. Bb3 Bc5 7. c3 d6 8. d4
Bb6 9. dxe5 Nxe5 10. Nxe5 dxe5 11. Qxd8+ Kxd8 12. Bg5 Ke7 13. Nd2 Bb7 14.
Nf3 h6 15. Bh4 g5 16. Bg3 Nxe4 17. Nxe5 h5 18. Nxf7 h4 19. Be5 Rh7 20. Rad1
Rxf7 21. Bxf7 Kxf7 22. Bxc7 Bc5 23. Be5 h3 24. gxh3 Rg8 25. Rd7+ Ke6 26.
Rxb7 Kxe5 27. Rh7 g4 28. h4 g3 29. hxg3 Nxg3 30. Re1+ Kf4 31. Kh2 Nf5 32.
Rf7 Rh8 33. f3 Bd6 34. Re6 Be5 35. Kg2 Rxh4 36. Rxa6 Kg5 37. Re6 Bf4 38.
Ref6 Nh6 39. Rf8 Be5 40. Re6 Rh2+ 41. Kg1 Bg3 42. Rh8 Bf4 43. Rc6 Rxb2 44.
Rhxh6 Rb1+ 45. Kf2 Rb2+ 46. Kf1 Rb1+ 47. Ke2 Rb2+ 48. Kd1 Rxa2 49. Rhg6+ Kf5
50. Rgf6+ Ke5 51. Rce6+ Kd5 52. Re4 Ra1+ 53. Kc2 Rc1+ 54. Kb2 {Black
resigns} 1-0

[Event "ICC tourney 1953 (60 10)"]
[Site "Internet Chess Club"]
[Date "2020.08.09"]
[Round "7"]
[White "PawnEatingZombi"]
[Black "musk6868"]
[Result "1-0"]
[ICCResult "Black resigns"]
[WhiteElo "2215"]
[BlackElo "2019"]
[Opening "Nimzo-Indian: classical, 4...Nc6"]
[ECO "E33"]
[NIC "NI.24"]
[Time "12:04:12"]
[TimeControl "3600+10"]

1. d4 Nf6 2. c4 e6 3. Nc3 Bb4 4. Qc2 Nc6 5. Nf3 O-O 6. Bd2 d6 7. a3 Bxc3 8.
Bxc3 Qe7 9. e3 e5 10. d5 Nb8 11. Nd2 a5 12. b3 Bg4 13. f3 Bh5 14. Bd3 Bg6
15. O-O c6 16. dxc6 Nxc6 17. Bxg6 hxg6 18. Ne4 Rfd8 19. Rfd1 Qc7 20. Nxf6+
gxf6 21. Rd3 Ne7 22. Rad1 Qc5 23. Qd2 Kg7 24. Bb2 b5 25. cxb5 Qxb5 26. e4
Qb6+ 27. Kh1 d5 28. exd5 Nf5 29. h3 Rd6 30. a4 Rad8 31. Ba3 R6d7 32. Rc1 Rc8
33. Kh2 Rxc1 34. Qxc1 Qf2 35. Qd2 Qg3+ 36. Kh1 Qh4 37. Bc5 Ng3+ 38. Kg1 e4
39. fxe4 Nxe4 40. Qxa5 Nxc5 41. Qxc5 Qe1+ 42. Kh2 Qe5+ 43. Kh1 Rc7 44. Qg1
Qe2 45. Rd1 Qb2 46. d6 Rd7 47. Qe3 Qc2 48. Qd3 Qc6 49. Qd5 Qc2 50. a5 g5 51.
Qd3 Qc5 52. a6 Qb6 53. Ra1 Rxd6 54. Qxd6 Qxd6 55. a7 g4 56. a8=Q {Black
resigns} 1-0

[Event "ICC tourney 1953 (60 10)"]
[Site "Internet Chess Club"]
[Date "2020.08.09"]
[Round "7"]
[White "Enamul"]
[Black "Sparta250"]
[Result "1/2-1/2"]
[ICCResult "Black stalemated"]
[WhiteElo "2492"]
[BlackElo "2718"]
[Opening "Caro-Kann: classical, 6.h4"]
[ECO "B18"]
[NIC "CK.11"]
[Time "12:04:12"]
[TimeControl "3600+10"]

1. e4 c6 2. d4 d5 3. Nd2 dxe4 4. Nxe4 Bf5 5. Ng3 Bg6 6. h4 h6 7. Nh3 e6 8.
Nf4 Bh7 9. c3 Nf6 10. Ngh5 Nbd7 11. Bd3 Bxd3 12. Qxd3 Qa5 13. Nxf6+ Nxf6 14.
Be3 Bd6 15. Ne2 O-O 16. a3 Qd5 17. c4 Qe4 18. Qxe4 Nxe4 19. f3 Ng3 20. Nxg3
Bxg3+ 21. Ke2 Rfd8 22. f4 g5 23. hxg5 hxg5 24. fxg5 Bd6 25. Raf1 Kg7 26. Rh6
Rh8 27. Rhf6 Raf8 28. g6 fxg6 29. Rxe6 Rxf1 30. Kxf1 Rd8 31. Ke2 Kf7 32. Re4
Rh8 33. d5 cxd5 34. cxd5 Rh5 35. Bxa7 Rxd5 36. Rd4 Re5+ 37. Kd3 Be7 38. Rf4+
Ke8 39. Re4 Rd5+ 40. Bd4 Kd7 41. Kc4 Rf5 42. a4 Rf1 43. Kb5 Bd8 44. b4 Rf5+
45. Kc4 Rf1 46. a5 Be7 47. Kb5 Rf5+ 48. Re5 Rf4 49. Bc5 Bd8 50. Rd5+ Kc8 51.
Rd4 Rf5 52. g4 Re5 53. Kc4 Re1 54. Kd3 Rd1+ 55. Ke2 Rc1 56. Kd2 Bg5+ 57. Kd3
Bd8 58. Rc4 Rd1+ 59. Kc2 Rd5 60. Bb6+ Kd7 61. Bxd8 Kxd8 62. Kb3 Kd7 63. Ka4
Kd6 64. Rf4 Rg5 65. Rd4+ Kc7 66. Rc4+ Kb8 67. b5 Ka7 68. Kb4 Re5 69. Rd4 Re1
70. Rd7 g5 71. a6 Ka8 72. axb7+ Ka7 73. Kc5 Rc1+ 74. Kd5 Rg1 75. Kc6 Rc1+
76. Kd6 Rg1 77. Kc7 Rc1+ 78. Kd8 Rc4 79. Rc7 Rf4 80. Kc8 Rf8+ 81. Kd7 Rf4
82. Kc6 Rc4+ 83. Kd6 Rd4+ 84. Kc6 Rc4+ 85. Kd7 Rxc7+ 86. Kxc7 {Black
stalemated} 1/2-1/2

[Event "ICC tourney 1953 (60 10)"]
[Site "Internet Chess Club"]
[Date "2020.08.09"]
[Round "7"]
[White "SilentFog"]
[Black "hydroblade"]
[Result "1-0"]
[ICCResult "Black resigns"]
[WhiteElo "2442"]
[BlackElo "2090"]
[Opening "Nimzovich-Larsen attack: classical variation"]
[ECO "A01"]
[NIC "VO.08"]
[Time "12:04:14"]
[TimeControl "3600+10"]

1. b3 d5 2. Bb2 Nf6 3. Nf3 c5 4. g3 Nc6 5. Bg2 e6 6. O-O Be7 7. c4 d4 8. e3
O-O 9. exd4 cxd4 10. Re1 Bc5 11. d3 Qd6 12. a3 a5 13. Qe2 Bd7 14. Nbd2 h6
15. Ne5 Nxe5 16. Qxe5 Qxe5 17. Rxe5 Bd6 18. Ree1 e5 19. c5 Bxc5 20. Rxe5 Bd6
21. Ree1 Bf5 22. Bxb7 Ra7 23. Be4 Nxe4 24. dxe4 Be6 25. Bxd4 Rd7 26. Bc3 Rc8
27. Bxa5 Ra8 28. Bc3 Rc8 29. Rec1 Rdc7 30. Bb2 Rc2 31. Nc4 R8xc4 32. bxc4
Rxb2 33. c5 Be5 34. c6 Bd4 35. Rf1 Rc2 36. Rac1 Rd2 37. c7 Bc8 38. Rcd1
Bxf2+ 39. Kg2 Rd7 40. Rxd7 Bxd7 41. Kxf2 Kf8 42. Rc1 Bc8 43. Rd1 Ke7 44. Rd8
{Black resigns}
1-0

[Event "ICC tourney 1953 (60 10)"]
[Site "Internet Chess Club"]
[Date "2020.08.09"]
[Round "7"]
[White "PawnGrubber21"]
[Black "AlexW2007"]
[Result "0-1"]
[ICCResult "White resigns"]
[WhiteElo "1762"]
[BlackElo "2206"]
[Opening "Sicilian: Najdorf, Byrne (English) attack"]
[ECO "B90"]
[NIC "SI.14"]
[Time "12:03:59"]
[TimeControl "3600+10"]

1. e4 c5 2. Nf3 d6 3. d4 cxd4 4. Nxd4 Nf6 5. Nc3 a6 6. Be3 e6 7. f3 b5 8.
Qd2 Bb7 9. O-O-O Nbd7 10. g4 Nb6 11. Bd3 Rc8 12. Kb1 Be7 13. h4 Nfd7 14. Qf2
b4 15. Nce2 Nc5 16. g5 Qc7 17. Ng3 d5 18. h5 Bd6 19. e5 Bxe5 20. f4 Bd6 21.
g6 Nc4 22. Bc1 Rd8 23. h6 fxg6 24. hxg7 Qxg7 25. Bxc4 dxc4 26. Rhe1 O-O 27.
Nxe6 Nxe6 28. Rxe6 Qc7 29. Ne4 Bxe4 30. Rxe4 c3 31. Qe2 a5 32. Red4 Rfe8 33.
Qd3 Be7 34. Qb5 cxb2 35. Bxb2 Rc8 36. Qd5+ Kf8 37. R4d2 Red8 38. Qg2 Kg8 39.
f5 Rxd2 40. Rxd2 Qc6 41. Qe2 Bf6 42. fxg6 hxg6 43. Qd3 Bxb2 44. Kxb2 Qc3+
45. Kb1 Qxd3 46. Rxd3 Rc3 47. Rd5 Ra3 48. Kb2 Kg7 49. c4 Rc3 50. Rxa5 Rxc4
51. Kb3 Rf4 52. Rg5 Kf6 53. Rg1 g5 54. Rg2 Kf5 55. Rg1 g4 56. Rg2 Ke4 57.
Rxg4 Rxg4 58. Kxb4 Kd5+ 59. Kb5 Kd6 60. Kb6 Ra4 {White resigns} 0-1

[Event "ICC tourney 1953 (60 10)"]
[Site "Internet Chess Club"]
[Date "2020.08.09"]
[Round "8"]
[White "superind"]
[Black "Kalmyk"]
[Result "1/2-1/2"]
[ICCResult "Game drawn by mutual agreement"]
[WhiteElo "2555"]
[BlackElo "2707"]
[Opening "Nimzo-Indian: 4.e3, main line"]
[ECO "E59"]
[NIC "NI.01"]
[Time "15:18:50"]
[TimeControl "3600+10"]

1. d4 Nf6 2. c4 e6 3. Nc3 Bb4 4. e3 O-O 5. Bd3 d5 6. Nf3 dxc4 7. Bxc4 c5 8.
O-O Nc6 9. a3 Bxc3 10. bxc3 Qc7 11. a4 {Game drawn by mutual agreement}
1/2-1/2

[Event "ICC tourney 1953 (60 10)"]
[Site "Internet Chess Club"]
[Date "2020.08.09"]
[Round "8"]
[White "VerdeNotte"]
[Black "nicochasin"]
[Result "1-0"]
[ICCResult "Black resigns"]
[WhiteElo "2754"]
[BlackElo "2389"]
[Opening "Sicilian defense"]
[ECO "B40"]
[NIC "SI.43"]
[Time "15:18:45"]
[TimeControl "3600+10"]

1. e4 c5 2. Nf3 e6 3. Nc3 Nc6 4. Bb5 Nd4 5. O-O Nxb5 6. Nxb5 Nf6 7. d4 a6 8.
Nc3 cxd4 9. Qxd4 d6 10. Rd1 Qc7 11. Bf4 e5 12. Nxe5 dxe5 13. Bxe5 Qe7 14.
Bxf6 Qxf6 15. e5 Qe7 16. Nd5 Qc5 17. Nf6+ {Black resigns} 1-0